 Dungeon Crawl Stone Soup version 0.32-a0-975-g85d4e5bfdb (webtiles) character file.

Game seed: 12221844628486931088

159 Fodor the Covered (level 5, -2/46 HPs)
             Began as a Minotaur Fighter on Apr 18, 2024.
             Slain by an orc priest
             ... wielding a +0 flail
              (8 damage)
             ... on level 4 of the Dungeon.
             The game lasted 00:08:00 (2278 turns).

Fodor the Covered (Minotaur Fighter)                Turns: 2278, Time: 00:08:01

Health: -2/46      AC: 11    Str: 20    XL:     5   Next: 17%
Magic:  4/4        EV:  7    Int:  7    God:
Gold:   153        SH:  4    Dex: 10    Spells: 4/4 levels left

rFire   . . .        a - +0 war axe
rCold   . . .        c - +0 buckler
rNeg    + . .        o - +0 chain mail
rPois   +            (helmet restricted)
rElec   .            m - +0 cloak
rCorr   .            (no gloves)
SInv    .            (no boots)
Will    .....        (no amulet) Stlth
                     r - ring of positive energy
HPRegen 0.27/turn    s - ring of poison resistance
MPRegen 0.09/turn

%: no passive effects
@: no status effects
A: horns 2, retaliatory headbutt
a: Convert to Beogh


You were on level 4 of the Dungeon.
You visited 1 branch of the dungeon, and saw 4 of its levels.

You collected 153 gold pieces.

Inventory:

Hand Weapons
 a - a +0 war axe (weapon)
Missiles
 g - 3 javelins (quivered)
Armour
 c - a +0 buckler (worn)
 m - a +0 cloak (worn)
 o - a +0 chain mail (worn)
Jewellery
 r - a ring of positive energy (left hand)
 s - a ring of poison resistance (right hand)
Talismans
 n - a granite talisman
Scrolls
 b - a scroll of noise {unknown}
 h - a scroll of poison {unknown}
 i - a scroll of enchant armour {unknown}
 j - a scroll of amnesia {unknown}
 k - a scroll of summoning {unknown}
 l - a scroll of fog {unknown}
 p - 5 scrolls of identify {unknown}
Potions
 d - 2 potions of might
 e - a potion of degeneration {unknown}
 f - 4 potions of curing {unknown}
 q - 2 potions of attraction {unknown}
 t - 2 potions of lignification {unknown}
 u - a potion of enlightenment {unknown}


   Skills:
 + Level 4.0 Fighting
 + Level 4.3 Axes
 + Level 1.1 Throwing
 + Level 4.9 Armour
 + Level 1.1 Dodging
 + Level 4.1 Shields


You had 4 spell levels left.
You didn't know any spells.
Your spell library contained the following spells:

 Spells                   Type           Power      Damage    Failure   Level
 Call Imp                 Summ           0%         N/A       99%         2
 Sublimation of Blood     Necr           0%         N/A       99%         2
 Summon Hydra             Summ           0%         N/A       100%        7


Dungeon Overview and Level Annotations

Branches:
Dungeon (4/15)
 Temple: D:4-7

Altars:
Qazlal
Wu Jian


Innate Abilities, Weirdness & Mutations

You have a pair of horns on your head.
You reflexively headbutt those who attack you in melee.


Message History

You hit the orc wizard.
You kill the orc wizard!
Your Fighting skill increases to level 4!
You have reached level 5!
You hit the orc.
The orc is severely wounded.
You block the orc's attack.
You barely miss the orc priest. You barely miss the orc.
The orc hits you with a +0 flail!
The orc priest hits you but does no damage.
You barely miss the orc priest. You closely miss the orc.
The orc hits you with a +0 flail.
The orc priest hits you with a +0 flail.
The orc priest shouts, "Beogh offers mercy even to people such as you.
Join us and be reborn!" (press Y on the ability menu to convert to Beogh)
The orc priest shouts, "The Pantheon deserves no one's loyalty.
Let us show you the true path!"
You hit the orc priest.
The orc priest is moderately wounded.
You slash the orc!
You kill the orc!
The orc priest calls down the wrath of Beogh upon you.
Beogh smites you!
* * * LOW HITPOINT WARNING * * *
You completely miss the orc priest.
The orc priest is moderately wounded.
You block the orc priest's attack.
The orc priest threatens, "Beogh's wrath is as vast as their mercy.
Make your choice!" The orc priest closely misses you.
You closely miss the orc priest.
The orc priest is moderately wounded.
The orc priest hits you with a +0 flail!
* * * LOW HITPOINT WARNING * * *
You barely miss the orc priest.
The orc priest is moderately wounded.
The orc priest hits you but does no damage.
You hit the orc priest.
The orc priest is heavily wounded.
The orc priest barely misses you.
The orc priest hits you with a +0 flail!
You die...

.... ...... .## #.....
#...#
+.....##########......
#.....#......?@o#
#.....#......)$.#
#................#
#####...........#
#<......###.#
#........# ...
#.......... .###
#........###.#
#........#


You could see an orc priest.

Vanquished Creatures
  Terence (D:2)
  An orc wizard (D:4)
  3 adders
  2 dart slugs
  3 ribbon worms
  6 orcs
  3 bats
  3 endoplasms
  4 giant cockroaches
  5 goblins
  3 hobgoblins
  6 jackals
  3 kobolds
  3 quokkas
  6 ball pythons
  4 frilled lizards
  7 rats
63 creatures vanquished.

Notes
Turn   | Place    | Note
-------+----------+-------------------------------------------
     0 | D:1      | Fodor the Minotaur Fighter began the quest for the Orb.
     0 | D:1      | Reached XP level 1. HP: 19/19 MP: 0/0
   100 | D:1      | Reached XP level 2. HP: 23/27 MP: 1/1
   602 | D:2      | Reached XP level 3. HP: 33/33 MP: 2/2
   797 | D:2      | Noticed Terence
   806 | D:2      | Killed Terence
   807 | D:2      | Reached skill level 1 in Throwing
   807 | D:2      | Reached XP level 4. HP: 11/36 MP: 3/3
  1323 | D:3      | Found a stormy altar of Qazlal.
  1640 | D:3      | Found an ornate altar of the Wu Jian Council.
  2258 | D:4      | Reached skill level 1 in Dodging
  2271 | D:4      | Reached XP level 5. HP: 46/46 MP: 4/4
  2278 | D:4      | Slain by an orc priest

Illustrated notes

Levels and vault maps discovered:
D:1:      dpeg_arrival_round_b, layout_basic, serial_bayou_pond_d
D:2:      layout_basic, uniq_terence
D:3:      layout_loops_cross, nicolae_wu_jian_glorious_leap,
          mainiacjoe_overflow_brackets
D:4:      layout_basic, mainiacjoe_overflow_surrounded_room,
          lemuel_crystal_altar, uniq_edmund

Skill      XL: |  1  2  3  4 |
---------------+-------------+-----
Armour         | 4 |  4.9
Shields        | 4 |  4.1
Axes           | 3 4 |  4.3
Throwing       | 1 |  1.1
Dodging        | 1 |  1.1
Fighting       | 4 |  4.0

Action                     |  1- 3 |  4- 6 || total
---------------------------+-------+-------++-------
  Melee: War axe           |    63 |    65 ||   128
         Headbutt          |    10 |     7 ||    17
  Throw: Javelin           |    21 |     6 ||    27
 Armour: Scale mail        |    59 |       ||    59
         Chain mail        |       |    52 ||    52
  Dodge: Dodged            |    27 |    30 ||    57
  Block: Buckler           |    14 |    20 ||    34

Table legend: (Time is in decaauts)
 A = Elapsed time spent in this place.
 B = Non-inter-level travel time spent in this place.
 C = Inter-level travel time spent in this place.
 D = Time resting spent in this place.
 E = Time spent auto-exploring this place.
 F = Levels seen in this place.
 G = Mean time per level.
                   A        B        C        D        E       F      G
               +--------+--------+--------+--------+--------+-----+--------+
         Total |   2339 |   2339 |      0 |     82 |   1290 |   4 |  584.8 |
       Dungeon |   2339 |   2339 |      0 |     82 |   1290 |   4 |  584.8 |
               +--------+--------+--------+--------+--------+-----+--------+

Top non-repeatable levels by time:
     D:3: 938 daAuts
     D:2: 742 daAuts
     D:1: 619 daAuts
     D:4: 39 daAuts
